 Dungeon Crawl Stone Soup version 0.22-a0-252-gcace5d2 (webtiles) character file.

1585 4thArraOfDagon the Covert (level 8, -7/34 HPs)
             Began as a Felid Chaos Knight on Mar 2, 2018.
             Hit by a large rock thrown by a stone giant (33 damage)
             ... on level 12 of the Dungeon.
             The game lasted 00:14:47 (2253 turns).

4thArraOfDagon the Covert (Felid Chaos Knight)      Turns: 2253, Time: 00:14:47

Health: -7/34      AC:  3    Str:  8    XL:     8   Next: 61%
Magic:  9/9        EV: 25    Int: 16    God:    Xom [.*....]
Gold:   203        SH:  0    Dex: 16    Spells: 7/7 levels left
                                        Lives:  0   Deaths: 2

rFire    + . .     SeeInvis +     - Unarmed
rCold    . . .     Gourm    .   (shield unavailable)
rNeg     . . .     Faith    .   (armour unavailable)
rPois    .         Spirit   .   (helmet unavailable)
rElec    .         Reflect  .   (cloak unavailable)
rCorr    .         Harm     .   (gloves unavailable)
MR       ++...                  (boots unavailable)
Stlth    +++++.....             (no amulet)
HPRegen  0.11/turn              p - ring of fire
MPRegen  0.11/turn              n - ring of protection from magic

@: hasted, very quick
A: very small, no armour, no weapons or thrown items, stealth, claws 1, fangs 3,
see invisible, carnivore, speed 1, shaggy fur 3, slow metabolism 1, sharp paws
a: Renounce Religion


You were on level 12 of the Dungeon.
You worshipped Xom.
You were a plaything of Xom.
You were completely stuffed.

You visited 1 branch of the dungeon, and saw 12 of its levels.

You collected 203 gold pieces.

Inventory:

Jewellery
 d - a +3 ring of intelligence
 n - a ring of protection from magic (right paw)
 p - a ring of fire (left paw)
Wands
 b - a wand of digging (25)
 k - a wand of scattershot (6)
 o - a wand of paralysis (1)
Scrolls
 e - 2 scrolls of remove curse
 f - a scroll of enchant armour {unknown}
 g - a scroll of amnesia {unknown}
 i - a scroll of acquirement {unknown}
 j - a scroll of summoning {unknown}
 l - 2 scrolls of magic mapping {unknown}
 m - 3 scrolls of identify {unknown}
 q - a scroll of fear
Potions
 h - a potion of degeneration
Comestibles
 a - 3 rations


   Skills:
 - Level 3.0 Fighting
 + Level 9.5 Dodging
 + Level 11.5 Stealth
 * Level 9.2 Unarmed Combat


You had 7 spell levels left.
You didn't know any spells.

Dungeon Overview and Level Annotations

Branches:
Dungeon (12/15)            Temple (0/1) D:6
   Lair: D:8-11         Orc: D:9-12

Altars:
Ashenzari
Cheibriados
Dithmenos
Ru
Sif Muna
Uskayaw
Zin
The Shining One

Shops:
D:7 *

Annotations:
D:4 Ijyb
D:8 Pikel
D:10 4thArraOfDagon's ghost, novice FeCK
D:11 Sonja


Innate Abilities, Weirdness & Mutations

You cannot wear armour.
You are incapable of wielding weapons or throwing items.
Your paws allow you to move quietly. (Stealth)
You have sharp claws.
You have razor-sharp teeth.
You have supernaturally acute eyesight. (SInv)
You are carnivorous and can eat meat at any time.
You cover ground quickly.
Your thick and shaggy fur keeps you warm. (AC +3, rC+)
You have a slow metabolism.
Your sharp claws are effective at attacking unaware monsters.


Message History

Unknown command.
Unknown command.
Okay, then.
You can't grasp things well enough to throw them.
Unknown command.
You can't grasp things well enough to throw them.
You can't grasp things well enough to throw them.
You feel yourself speed up. "Fight to survive, mortal."
The two-headed ogre's giant club dances into the air!
The stone giant throws a large rock.
The large rock completely misses you.
Unknown command.
Unknown command.
Unknown command.
Unknown command.
Your giant club hits the stone giant!!
The stone giant throws a large rock.
The large rock hits you!!
Ouch! That really hurt!
You die...
Xom thinks this is hilarious!

##+++##
###.l...###
##...l5....##
##...hHCH.5..##
##.....(..O....#
#.$.............
##...D...........
#....(...........
#......@.........
#..........y.....
.........(.......
.................
#................
#########.#######
.. #.#


You could see a stone giant, a seven-headed hydra, a two-headed ogre, 2
manticores, a komodo dragon, a basilisk, a hornet, a black bear, a quasit, a
crimson imp and a friendly giant club.

Vanquished Creatures
  A hydra (D:11)
  A troll (D:11)
  Prince Ribbit (D:5)
  Sigmund (D:4)
  3 yaks (D:11)
  Eustachio (D:4)
  A soldier ant (D:11)
  A porcupine (D:11)
  2 sky beasts
  A phantom (D:10)
  An eye of draining (D:11)
  An ogre (D:6)
  A centaur (D:8)
  A wolf (shapeshifter) (D:9)
  A crocodile (D:11)
  A big kobold (D:11)
  2 bullfrogs
  A howler monkey (D:6)
  2 crimson imps
  A bullfrog skeleton (D:5)
  A jelly (D:11)
  An iguana (D:11)
  2 worker ants
  A hound zombie (D:7)
  A worker ant zombie (D:7)
  A howler monkey skeleton (D:5)
  2 adders
  A shadow imp (D:4)
  A dart slug (D:4)
  A leopard gecko (D:2)
  An orc (D:11)
  2 giant cockroaches
  3 goblins
  3 hobgoblins
  A jackal (D:2)
  8 kobolds
  A quokka (D:11)
  3 bats
  A frilled lizard (D:1)
  A quokka skeleton (D:5)
  A quokka zombie (D:5)
  3 rats
65 creatures vanquished.

Vanquished Creatures (collateral kills)
  An oklob plant (D:6)
  An ogre (D:8)
2 creatures vanquished.

Vanquished Creatures (others)
  A fungus (D:8)
1 creature vanquished.

Grand Total: 68 creatures vanquished

Notes
Turn   | Place    | Note
-------+----------+-------------------------------------------
     0 | D:1      | 4thArraOfDagon the Felid Chaos Knight began the quest for the Orb.
     0 | D:1      | Reached XP level 1. HP: 10/10 MP: 2/2
    37 | D:1      | XOM: silly message
    82 | D:1      | Reached skill level 1 in Stealth
   180 | D:1      | Reached XP level 2. HP: 10/14 MP: 3/3
   195 | D:2      | Found a sacrificial altar of Ru.
   202 | D:2      | Reached skill level 2 in Stealth
   261 | D:2      | Found a hide-covered altar of Uskayaw.
   277 | D:2      | Found a shadowy altar of Dithmenos.
   332 | D:2      | XOM: butterfly on damage
   364 | D:3      | XOM: harmless Ice miscast
   532 | D:4      | Noticed Ijyb
   546 | D:3      | Found a deep blue altar of Sif Muna.
   625 | D:4      | Noticed Sigmund
   640 | D:5      | Entered Level 5 of the Dungeon
   643 | D:5      | Noticed a crimson imp
   648 | D:5      | XOM: potion effect (haste)
   665 | D:5      | Noticed Prince Ribbit
   676 | D:5      | XOM: potion effect (might)
   677 | D:5      | XOM: potion effect (invisibility)
   685 | D:5      | Killed Prince Ribbit
   685 | D:5      | Reached skill level 5 in Stealth
   685 | D:5      | Reached XP level 3. HP: 17/17 MP: 4/4
   685 | D:5      | Reached XP level 4. HP: 21/21 MP: 5/5
   685 | D:5      | Reached XP level 5. HP: 24/24 MP: 6/6
   695 | D:5      | Reached skill level 5 in Dodging
   702 | D:4      | Noticed Eustachio
   708 | D:4      | XOM: potion effect (curing)
   723 | D:4      | Killed Eustachio
   723 | D:4      | Reached skill level 6 in Stealth
   723 | D:4      | Gained mutation: You are covered in thick fur. (AC +2) [Felid growth]
   723 | D:4      | Reached XP level 6. HP: 19/28 MP: 7/7
   741 | D:4      | Found a snail-covered altar of Cheibriados.
   780 | D:4      | Killed Sigmund
   780 | D:4      | Reached skill level 7 in Stealth
   780 | D:4      | Reached XP level 7. HP: 26/31 MP: 8/8
   831 | D:6      | Reached skill level 8 in Stealth
   831 | D:6      | Reached skill level 5 in Unarmed Combat
   996 | D:6      | Found a staircase to the Ecumenical Temple.
  1054 | D:6      | Found a shattered altar of Ashenzari.
  1054 | D:6      | Noticed an oklob plant
  1079 | D:6      | XOM: cast spell 'Olgreb's Toxic Radiance'
  1082 | D:6      | XOM: 1-stop teleportation journey
  1205 | D:6      | XOM: fog
  1221 | D:6      | XOM: cast spell 'Cause Fear'
  1226 | D:6      | XOM: give mutation
  1226 | D:6      | Gained mutation: Your thick and shaggy fur keeps you warm. (AC +3, rC+) [Xom's grace]
  1235 | D:6      | XOM: fog
  1236 | D:6      | XOM: summons friendly ufetubus
  1238 | D:6      | XOM: summons friendly neqoxec
  1245 | D:6      | XOM: summons 5 friendly demons
  1247 | D:6      | Killed an oklob plant
  1247 | D:6      | Reached skill level 9 in Stealth
  1283 | D:7      | Found Zin's Purification Station.
  1283 | D:7      | Found a glowing silver altar of Zin.
  1288 | D:7      | XOM: enchant monster (good)
  1302 | D:7      | Reached XP level 8. HP: 34/34 MP: 9/9
  1373 | D:8      | XOM: enchant monster (good)
  1476 | D:8      | XOM: summons 2 friendly demons
  1514 | D:8      | XOM: polymorph bullfrog -> porcupine
  1521 | D:8      | Noticed Pikel
  1532 | D:9      | Found a glowing golden altar of the Shining One.
  1532 | D:9      | XOM: polymorph porcupine -> fire bat
  1545 | D:9      | XOM: god gift: club {god gift}
  1551 | D:10     | Entered Level 10 of the Dungeon
  1551 | D:10     | Noticed 4thArraOfDagon's ghost (novice FeCK)
  1637 | D:10     | Noticed a queen bee
  1637 | D:10     | a yak changed into a queen bee
  1637 | D:10     | XOM: polymorph yak -> queen bee
  1639 | D:10     | Noticed an unseen horror
  1639 | D:10     | a queen bee changed into an unseen horror
  1652 | D:10     | Noticed an orb spider
  1652 | D:10     | Noticed a meliai
  1652 | D:10     | an orb spider changed into a meliai
  1652 | D:10     | XOM: polymorph orb spider -> meliai
  1655 | D:10     | Slain by a meliai (shapeshifter)
  1656 | D:10     | Reached XP level 7. HP: -4/31 MP: 8/8
  1675 | D:11     | Noticed a white ugly thing
  1687 | D:11     | Noticed a five-headed hydra
  1687 | D:11     | a white ugly thing changed into a five-headed hydra
  1687 | D:11     | XOM: polymorph white ugly thing -> five-headed hydra
  1710 | D:11     | XOM: fog
  1714 | D:11     | XOM: potion effect (agility)
  1715 | D:11     | XOM: divination: detect items
  1716 | D:11     | XOM: potion effect (invisibility)
  1738 | D:11     | XOM: chaos cloud
  1755 | D:11     | XOM: potion effect (curing)
  1760 | D:11     | Killed a five-headed hydra
  1760 | D:11     | Reached skill level 10 in Stealth
  1760 | D:11     | Reached XP level 8. HP: 31/34 MP: 9/9
  1867 | D:11     | XOM: mild Necr miscast
  1898 | D:11     | Noticed a troll
  1903 | D:11     | Killed a troll
  1903 | D:11     | Reached skill level 11 in Stealth
  1918 | D:11     | Reached XP level 9. HP: 36/36 MP: 10/10
  1952 | D:11     | XOM: polymorph sky beast -> wyvern
  1958 | D:11     | XOM: 1-stop teleportation journey
  1959 | D:11     | Noticed Sonja
  1959 | D:11     | Noticed a red ugly thing
  1969 | D:11     | XOM: summons friendly white imp
  1980 | D:11     | XOM: confusion (+ monsters)
  1983 | D:11     | XOM: butterfly on damage
  1984 | D:11     | Slain by a red ugly thing
  1985 | D:11     | Reached XP level 8. HP: -1/33 MP: 9/9
  2061 | D:11     | XOM: scenery: 2 doors open
  2094 | D:11     | XOM: medium Pois miscast
  2123 | D:11     | XOM: noise
  2125 | D:11     | XOM: polymorph wyvern -> porcupine
  2128 | D:11     | XOM: blink monster(s)
  2157 | D:11     | XOM: confuse monster(s)
  2245 | D:11     | XOM: scenery: 1 doors close
  2250 | D:12     | Noticed a komodo dragon
  2250 | D:12     | Noticed a manticore
  2250 | D:12     | Noticed a manticore
  2250 | D:12     | Noticed a two-headed ogre
  2250 | D:12     | Noticed a stone giant
  2250 | D:12     | Noticed a hornet
  2250 | D:12     | Noticed a seven-headed hydra
  2253 | D:12     | Hit by a large rock thrown by a stone giant

Vault maps used:
D:1:      dpeg_arrival_subterranean_lakeside_camping
D:2:      nicolae_dithmenos_through_a_glass_darkly, overflow_temple_1_default,
          old_standard_altar
D:3:      marbit_many_paths, led_sif_pool, lemuel_doored_altar
D:4:      kennysheep_slug_shrine, lemuel_round_altar, first_ration,
          kennysheep_generic_room_16, uniq_eustachio, uniq_ijyb, uniq_sigmund
D:5:      old_standard_altar, basic_altar, uniq_prince_ribbit1, uniq_menkaure
D:6:      lemuel_ratsnest, minmay_temple_entry_grid, lemuel_oklob_altar
D:7:      lemuel_round_altar, zin_purify
D:8:      trog_ov_bears_minmay, grunt_lair_entry_orc_guard_hut, uniq_pikel
D:9:      lemuel_upstairs_altar, tso_metal_star, orc_0_dummy, grunt_livestock,
          serial_bayou_pond_d, supply_closet_lemuel
D:10:     laboratory, uniq_snorg
D:11:     minmay_unpleasant_kobolds, uniq_sonja
D:12:     hourglass_vault, serial_shops, nicolae_shop_statue_plus,
          jiyva_altar_1, uniq_erolcha

Skill      XL: |  1  2  3  4  5  6  7  8 |
---------------+-------------------------+-----
Stealth        | 1 5 6 7 10 11 | 11.5
Dodging        | 4 5 8 9 |  9.5
Unarmed Combat | 4 7 9 |  9.2
Fighting       | |  3.0

Action                   |  1- 3 |  4- 6 |  7- 9 || total
-------------------------+-------+-------+-------++-------
Melee: Unarmed           |    61 |    21 |    85 ||   167
       Bite              |     4 |     3 |     3 ||    10
       Punch             |     4 |       |     2 ||     6
Evoke: Wand              |       |       |     6 ||     6
  Use: Potion            |     1 |       |     5 ||     6
       Scroll            |       |       |     2 ||     2
 Stab: Sleeping          |     4 |     1 |    21 ||    26
       Invisible         |     1 |     3 |       ||     4
       Petrified         |       |       |     2 ||     2
       Petrifying        |       |       |     1 ||     1
       Confused          |       |       |     5 ||     5
       Distracted        |       |       |     1 ||     1
       Paralysed         |       |       |     1 ||     1
  Eat: Chunk             |     7 |       |    11 ||    18
Armor: Skin              |     5 |     1 |     2 ||     8
Dodge: Dodged            |    50 |    10 |    67 ||   127

Table legend:
 A = Spawn XP
 B = Non-spawn XP
 C = Spawn XP percentage of total XP
 D = Spawn monster count
 E = Non-spawn monster count
 F = Spawn count percentage of total count
 G = Total turns spent on level
                    A         B        C        D         E        F      G
               +---------+---------+-------+---------+---------+-------+---------
         Total |       0 |    4718 |   0.0 |       0 |      67 |   0.0 |  2253
               +---------+---------+-------+---------+---------+-------+---------
           D:1 |       0 |      14 |   0.0 |       0 |       9 |   0.0 |   216
           D:2 |       0 |      14 |   0.0 |       0 |       7 |   0.0 |   148
           D:3 |       0 |       6 |   0.0 |       0 |       4 |   0.0 |   257
           D:4 |       0 |     444 |   0.0 |       0 |       4 |   0.0 |   115
           D:5 |       0 |     323 |   0.0 |       0 |       6 |   0.0 |   136
           D:6 |       0 |     578 |   0.0 |       0 |       4 |   0.0 |   411
           D:7 |       0 |     170 |   0.0 |       0 |       3 |   0.0 |    77
           D:8 |       0 |     268 |   0.0 |       0 |       3 |   0.0 |   162
           D:9 |       0 |     115 |   0.0 |       0 |       1 |   0.0 |    29
          D:10 |       0 |     202 |   0.0 |       0 |       3 |   0.0 |   113
          D:11 |       0 |    2584 |   0.0 |       0 |      23 |   0.0 |   586
               +---------+---------+-------+---------+---------+-------+---------
